 Dungeon Crawl Stone Soup version 0.26-b1-45-g23770d1d51 (webtiles) character file.

Game seed: 13796907464062349842

45038 Amplified the Grappler (level 13, 0/133 HPs)
             Began as a Troll Warper on Jan 5, 2021.
             Was a High Priest of Makhleb.
             Slain by Snorg (23 damage)
             ... while paralysed by an orc sorcerer
             ... on level 1 of the Orcish Mines on Jan 6, 2021.
             The game lasted 00:35:17 (16534 turns).

Amplified the Grappler (Troll Warper)              Turns: 16534, Time: 00:35:18

Health: 0/133      AC: 13    Str: 25    XL:     13   Next: 99%
Magic:  21/21      EV:  1    Int: 10    God:    Makhleb [*****.]
Gold:   215        SH:  0    Dex:  9    Spells: 14/14 levels left

rFire    . . .     SeeInvis +     - Unarmed
rCold    . . .     Faith    .   (no shield)
rNeg     . . .     Spirit   .   U - +5 robe of Night {Dark Will+ SInv}
rPois    .         Reflect  .   (helmet restricted)
rElec    .         Harm     .   e - +1 cloak
rCorr    .         Rampage  .   (gloves unavailable)
Will     +....                  (boots unavailable)
Stlth    +.........             (no amulet)
HPRegen  0.72/turn              K - +4 ring of evasion
MPRegen  0.17/turn              N - +4 ring of slaying

@: paralysed
A: large, unfitting armour, claws 3, high mp 1, regeneration 1, shaggy fur 1,
tough skin 3
a: Renounce Religion, Minor Destruction, Lesser Servant of Makhleb, Major
Destruction, Greater Servant of Makhleb


You were on level 1 of the Orcish Mines.
You worshipped Makhleb.
Makhleb was extremely pleased with you.
You visited 4 branches of the dungeon, and saw 20 of its levels.
You also visited: Ossuary, Bailey and Volcano.

You collected 1676 gold pieces.
You spent 1461 gold pieces at shops.

Inventory:

Hand Weapons
 Q - the +9 scimitar of Righteous Anger {vorpal, rF+++ rC- Str-2 Int+9}
   (You found it on level 6 of the Lair of Beasts)

   It inflicts extra damage upon your enemies.
   It affects your strength (-2).
   It affects your intelligence (+9).
   It renders you almost immune to fire.
   It makes you vulnerable to cold.
Missiles
 b - 14 javelins (quivered)
 p - 16 boomerangs
 A - 96 poisoned darts
Armour
 e - a +1 cloak (worn)
 k - +0 ice dragon scales
 v - a +2 robe of willpower
 S - +1 fire dragon scales
 U - the +5 robe of Night (worn) {Dark Will+ SInv}
   (You bought it in a shop on level 4 of the Dungeon)

   It affects your willpower, your defense against some magical effects.
   It lets you see invisible.
Jewellery
 h - an uncursed ring of see invisible
 j - an uncursed amulet of faith
 o - an uncursed ring of positive energy
 C - an uncursed amulet of magic regeneration
 H - a +4 ring of protection
 K - a +4 ring of evasion (left claw)
 L - an uncursed ring of protection from fire
 M - an uncursed ring of protection from fire
 N - a +4 ring of slaying (right claw)
Wands
 c - a wand of enslavement (4)
 u - a wand of polymorph (10)
 B - a wand of acid (1)
 G - a wand of flame (26)
 I - a wand of digging (5)
 J - a wand of disintegration (10)
 P - a wand of iceblast (4)
Scrolls
 d - 7 scrolls of enchant weapon
 i - a scroll of magic mapping
 n - a scroll of holy word
 q - 5 scrolls of remove curse
 r - 2 scrolls of identify
 t - 7 scrolls of teleportation
 y - a scroll of fear
 z - a scroll of amnesia
 T - a scroll of fog
Potions
 a - a potion of invisibility
 f - 2 potions of curing
 g - a potion of flight
 l - 7 potions of mutation
 m - 2 potions of magic
 s - 5 potions of brilliance
 w - 4 potions of heal wounds
 x - a potion of degeneration
 F - 2 potions of ambrosia
 O - 2 potions of attraction
 R - a potion of berserk rage
Miscellaneous
 D - a phial of floods
 E - a box of beasts


   Skills:
 + Level 10.1 Fighting
 - Level 0.8 Throwing
 + Level 10.2 Dodging
 * Level 0.0 Stealth
 * Level 13.9 Unarmed Combat
 - Level 1.2 Spellcasting
 - Level 2.1 Translocations
 - Level 10.4 Invocations


You had 14 spell levels left.
You didn't know any spells.
Your spell library contained the following spells:

 Spells                   Type           Power        Failure   Level
 Apportation              Tloc           10%          14%         1
 Blink                    Tloc           N/A          21%         2
 Animate Skeleton         Necr           0%           34%         1
 Beastly Appendage        Tmut           0%           34%         1
 Corona                   Hex            0%           34%         1
 Foxfire                  Conj/Fire      0%           34%         1
 Freeze                   Ice            0%           34%         1
 Magic Dart               Conj           0%           34%         1
 Summon Small Mammal      Summ           0%           34%         1
 Gell's Gravitas          Tloc           2%           38%         3
 Lesser Beckoning         Tloc           2%           38%         3
 Teleport Other           Tloc           5%           38%         3
 Passwall                 Tmut/Erth      0%           45%         2
 Searing Ray              Conj           0%           45%         2
 Wereblood                Tmut           0%           45%         2
 Dazzling Flash           Conj/Hex       0%           71%         3
 Frozen Ramparts          Ice            0%           71%         3
 Ozocubu's Armour         Ice            0%           71%         3
 Spider Form              Tmut/Pois      0%           71%         3
 Passage of Golubria      Tloc           N/A          80%         4
 Iskenderun's Mystic Bla  Conj/Tloc      2%           91%         4
 Fulminant Prism          Conj/Hex       0%           98%         4
 Hailstorm                Conj/Ice       0%           98%         4
 Ice Form                 Ice/Tmut       0%           98%         4
 Summon Ice Beast         Ice/Summ       0%           98%         4
 Blade Hands              Tmut           0%           100%        5
 Starburst                Conj/Fire      0%           100%        6
 Ignition                 Fire           0%           100%        8


Dungeon Overview and Level Annotations

Branches:
Dungeon (12/15)            Temple (1/1) D:7            Lair (6/6) D:9
  Swamp (0/4) Lair:3       Spider (0/4) Lair:2        Slime (0/5) Lair:5
    Orc (1/2) D:9         Ossuary (visited)          Bailey (visited)
Volcano (visited)

Altars:
Ashenzari
Cheibriados
Dithmenos
Elyvilon
Fedhas
Gozag
Hepliaklqana
Kikubaaqudgha
Makhleb
Nemelex Xobeh
Okawaru
Qazlal
Ru
Sif Muna
Trog
Uskayaw
Vehumet
Wu Jian
Xom
Yredelemnul
Zin
The Shining One

Shops:
D:4 *[((*

Annotations:
D:4 Get money
D:9 Consider Robe of the Night.
Orc:1 1 transporter, Snorg


Innate Abilities, Weirdness & Mutations

You are too large for most types of armour.
You have claws for hands.
Your natural rate of healing is unusually fast.
You are covered in fur. (AC +1)
You have extremely tough skin. (AC +3)
You have an increased reservoir of magic. (+10% MP)


Message History

The orc sorcerer is almost dead.
Snorg closely misses you. Snorg misses you. Snorg claws you but does no damage.
Snorg bites you! Snorg claws you. Snorg claws you!
Unknown command.
You barely miss Snorg.
Snorg is heavily wounded.
Snorg completely misses you. Snorg claws you! Snorg closely misses you.
The orc sorcerer casts a spell at you. The bolt of fire misses you.
You mangle Snorg!!
Snorg is severely wounded.
Snorg bites you! Snorg claws you but does no damage. Snorg claws you.
The orc sorcerer points at you and mumbles some strange words.
You suddenly lose the ability to move!
Snorg bites you!
* * * LOW HITPOINT WARNING * * *
Snorg claws you but does no damage. Snorg claws you!
* * * LOW HITPOINT WARNING * * *
The orc hits you but does no damage. Snorg bites you!!
You die...

##.## ###
##.####..##
#....#....#
##.....#..##..
#.....#.......
...............
..........#....
........$......
........@o....
.......o.T....
............#
#...........
.....>.....
......##...


You could see Snorg (berserk, corroded), an orc sorcerer (corroded) and an orc.

Vanquished Creatures
  2 entropy weavers (Lair:6)
  A dire elephant (Lair:6)
  A boulder beetle (Lair:6)
  Harold (D:8)
  2 catoblepae
  2 two-headed ogres
  A deep troll shaman (Lair:6)
  4 hydras
  A queen ant (Lair:6)
  6 death yaks
  Nergalle (Lair:2)
  A fire crab (Bailey)
  Pikel (D:5)
  2 salamanders (Volcano)
  2 torpor snails
  A black mamba (Lair:6)
  5 elephants (Lair:6)
  11 cane toads
  A cane toad (shapeshifter) (D:9)
  Joseph (D:7)
  2 rime drakes
  Maggie (Lair:2)
  8 komodo dragons
  5 polar bears (Lair:1)
  5 blink frogs
  Prince Ribbit (Lair:2)
  26 yaks
  2 fire bats (Volcano)
  5 wyverns
  5 basilisks
  Edmund (D:6)
  Menkaure (D:6)
  9 soldier ants
  2 hell hounds (Volcano)
  12 water moccasins
  A sky beast (D:9)
  3 black bears
  A hornet zombie (D:8)
  2 ice beasts (D:7)
  13 orc warriors
  6 ogres
  2 phantoms
  A necrophage (D:10)
  4 centaurs
  17 wolves
  2 big kobolds (D:9)
  A lemure (D:5)
  2 elf zombies (Ossuary)
  A gnoll sergeant (D:7)
  11 bullfrogs
  3 scorpions
  An oklob sapling (D:7)
  3 electric eels (Lair:2)
  6 howler monkeys
  3 bullfrog zombies
  5 hounds
  4 jellies
  10 orc priests
  A centaur zombie (Ossuary)
  Crazy Yiuf (D:3)
  3 centaur skeletons
  12 orc wizards
  A bullfrog skeleton (D:6)
  A human zombie (Ossuary)
  Ijyb (D:3)
  2 iguanas
  Natasha (thrice) (D:3)
  12 hell rats (Lair:6)
  24 worker ants
  A big kobold zombie (Ossuary)
  2 hound zombies
  4 hound skeletons
  2 mummies (Ossuary)
  A worker ant zombie (D:6)
  14 adders
  7 gnolls
  A howler monkey skeleton (D:11)
  2 shadow imps (D:7)
  3 white imps
  2 oozes
  2 ufetubi (D:10)
  2 adder zombies (D:6)
  An adder skeleton (D:9)
  2 worms
  2 dart slugs
  5 leopard geckos
  62 orcs
  4 ball pythons
  3 giant cockroaches
  18 goblins
  9 hobgoblins
  15 jackals
  5 quokkas
  4 bats
  2 frilled lizards
  A goblin zombie (Ossuary)
  11 hobgoblin zombies (Ossuary)
  2 jackal zombies
  16 kobolds
  12 kobold zombies (Ossuary)
  A leopard gecko skeleton (D:5)
  5 orc zombies (Ossuary)
  A quokka skeleton (D:7)
  5 rats
  2 rat zombies (Ossuary)
526 creatures vanquished.

Vanquished Creatures (others)
  31 fungi
  86 plants
117 creatures vanquished.

Grand Total: 643 creatures vanquished

Notes
Turn   | Place    | Note
-------+----------+-------------------------------------------
     0 | D:1      | Amplified the Troll Warper began the quest for the Orb.
     0 | D:1      | Reached XP level 1. HP: 19/19 MP: 1/1
   163 | D:1      | Reached XP level 2. HP: 28/28 MP: 2/2
   405 | D:1      | Reached XP level 3. HP: 34/35 MP: 3/3
  1220 | D:3      | Reached XP level 4. HP: 42/44 MP: 4/4
  1224 | D:3      | Noticed Natasha
  1233 | D:3      | Killed Natasha
  1234 | D:3      | Reached skill level 3 in Unarmed Combat
  1246 | D:3      | Noticed Natasha
  1251 | D:3      | Killed Natasha
  1391 | D:3      | Found a runed translucent door.
  1392 | D:3      | Noticed Crazy Yiuf
  1400 | D:3      | Killed Crazy Yiuf
  1401 | D:3      | Reached XP level 5. HP: 52/52 MP: 5/5
  1460 | D:3      | Noticed Natasha
  1465 | D:3      | Noticed Ijyb
  1476 | D:3      | Gained mutation: You have an increased reservoir of magic.
                  | (+10% MP) [potion of mutation]
  1483 | D:3      | Killed Natasha
  1501 | D:3      | Killed Ijyb
  1741 | D:3      | Reached XP level 6. HP: 53/61 MP: 7/7
  1826 | D:3      | Reached skill level 4 in Unarmed Combat
  1971 | D:4      | Found Zestridem's Weapon Shop.
  1991 | D:4      | Found Zocux's General Store.
  2167 | D:4      | Reached XP level 7. HP: 55/68 MP: 8/8
  2198 | D:4      | Found Peuliff's Weapon Shoppe.
  2343 | D:4      | Reached skill level 5 in Unarmed Combat
  2361 | D:5      | Entered Level 5 of the Dungeon
  2373 | D:5      | Noticed Pikel
  2413 | D:5      | Killed Pikel
  2414 | D:5      | Reached skill level 5 in Dodging
  2414 | D:5      | Reached XP level 8. HP: 31/79 MP: 9/9
  2504 | D:5      | Identified the Papyrus of Flames and Transmigration
  2529 | D:5      | Reached skill level 5 in Fighting
  2536 | D:5      | Reached skill level 6 in Unarmed Combat
  2639 | D:5      | Found a stormy altar of Qazlal.
  2662 | D:5      | Found a sand-covered staircase.
  2666 | Ossuary  | Entered an ossuary
  3496 | D:6      | Found a glowing golden altar of the Shining One.
  3500 | D:6      | Noticed Menkaure
  3612 | D:4      | Found Wacypn's Antique Armour Boutique.
  3644 | D:4      | Found a sparkling altar of Nemelex Xobeh.
  3932 | D:4      | Found Risod's Assorted Antiques.
  3947 | D:4      | Bought a scroll labelled QOCKIAHIPT for 21 gold pieces
  4069 | D:4      | Upgraded the game from 0.26-b1-32-g5d43845318 to
                  | 0.26-b1-45-g23770d1d51
  4148 | D:6      | Noticed Edmund
  4168 | D:6      | Killed Edmund
  4262 | D:6      | Reached skill level 7 in Unarmed Combat
  4262 | D:6      | Reached XP level 9. HP: 73/88 MP: 10/10
  4648 | D:6      | Killed Menkaure
  4905 | D:7      | Noticed Joseph
  4921 | D:7      | Found a flagged portal.
  4936 | Bailey   | Entered a bailey
  5596 | Bailey   | Reached skill level 8 in Unarmed Combat
  5664 | Bailey   | Noticed an orc knight
  5686 | Bailey   | Noticed a fire crab
  5686 | Bailey   | an orc knight changed into a fire crab
  5692 | Bailey   | Killed a fire crab
  5702 | Bailey   | Reached XP level 10. HP: 53/102 MP: 12/12
  5886 | D:7      | Killed Joseph
  6096 | D:7      | Found a staircase to the Ecumenical Temple.
  6339 | Temple   | Entered the Ecumenical Temple
  6471 | Temple   | Became a worshipper of Makhleb the Destroyer
  6505 | D:7      | Reached skill level 9 in Unarmed Combat
  6567 | D:7      | Reached skill level 1 in Invocations
  6964 | D:8      | Noticed Harold
  6967 | D:8      | Reached * piety under Makhleb
  6970 | D:8      | Killed Harold
  7621 | D:9      | Found a staircase to the Orcish Mines.
  7713 | D:9      | Noticed a cane toad
  7713 | D:9      | a wind drake changed into a cane toad
  7715 | D:9      | Killed a cane toad
  7743 | D:9      | Reached skill level 10 in Unarmed Combat
  7745 | D:9      | Reached XP level 11. HP: 106/111 MP: 14/14
  7765 | D:9      | Found a staircase to the Lair.
  7769 | D:9      | Reached ** piety under Makhleb
  8083 | D:10     | Entered Level 10 of the Dungeon
  9448 | D:11     | Reached *** piety under Makhleb
  9789 | D:12     | Noticed a boulder beetle
  9819 | D:11     | Noticed a two-headed ogre
  9828 | D:11     | Killed a two-headed ogre
  9829 | D:11     | Reached skill level 5 in Invocations
  9889 | Lair:1   | Entered Level 1 of the Lair of Beasts
 10705 | Lair:2   | Noticed a five-headed hydra
 10718 | Lair:2   | Reached skill level 11 in Unarmed Combat
 10896 | Lair:3   | Noticed a catoblepas
 10965 | Lair:3   | Killed a catoblepas
 11133 | Lair:3   | Found a staircase to the Swamp.
 11140 | Lair:3   | Reached XP level 12. HP: 121/122 MP: 17/17
 11591 | Lair:4   | Noticed a death yak
 11591 | Lair:4   | Noticed a death yak
 11593 | Lair:4   | Noticed a death yak
 11608 | Lair:4   | Killed a death yak
 11614 | Lair:4   | Killed a death yak
 11622 | Lair:4   | Killed a death yak
 11742 | Lair:4   | Noticed an eight-headed hydra
 11751 | Lair:4   | You fall into a shaft and drop 2 floors!
 11751 | Lair:6   | Entered Level 6 of the Lair of Beasts
 11764 | Lair:6   | Reached **** piety under Makhleb
 11791 | Lair:6   | Reached skill level 12 in Unarmed Combat
 11846 | Lair:6   | Noticed a death yak
 11846 | Lair:6   | Noticed a death yak
 11846 | Lair:6   | Noticed a death yak
 11846 | Lair:6   | Noticed a catoblepas
 11864 | Lair:6   | Killed a catoblepas
 11870 | Lair:6   | Killed a death yak
 11877 | Lair:6   | Killed a death yak
 11886 | Lair:6   | Killed a death yak
 12008 | Lair:6   | Noticed a dire elephant
 12012 | Lair:6   | Noticed a deep troll shaman
 12021 | Lair:6   | Killed a dire elephant
 12025 | Lair:6   | Killed a deep troll shaman
 12043 | Lair:6   | Got a polished scimitar
 12103 | Lair:6   | Identified the +9 scimitar of Righteous Anger {vorpal,
                  | rF+++ rC- Str-2 Int+9} (You found it on level 6 of the Lair
                  | of Beasts)
 12167 | Lair:6   | Noticed a boulder beetle
 12200 | Lair:6   | Killed a boulder beetle
 12237 | Lair:6   | Reached XP level 13. HP: 126/131 MP: 20/20
 12550 | Lair:5   | Found a dark tunnel.
 12557 | Lair:5   | Reached skill level 13 in Unarmed Combat
 12562 | Volcano  | Entered a volcano
 12724 | Volcano  | Got a pair of encrusted gloves
 12761 | Volcano  | Identified the cursed +0 pair of gloves of Limited
                  | Liability {rN+ Dex+3} (You found it in a volcano)
 13048 | Lair:5   | Found a staircase to the Slime Pits.
 13561 | Lair:6   | Reached ***** piety under Makhleb
 13730 | Lair:6   | Noticed an entropy weaver
 13731 | Lair:6   | Noticed an entropy weaver
 13747 | Lair:6   | Killed an entropy weaver
 13778 | Lair:6   | Reached skill level 10 in Dodging
 13989 | Lair:6   | Killed an entropy weaver
 13990 | Lair:6   | Reached skill level 10 in Fighting
 13990 | Lair:6   | Reached skill level 10 in Invocations
 15335 | Lair:2   | Noticed Prince Ribbit
 15351 | Lair:2   | Killed Prince Ribbit
 15371 | Lair:2   | Noticed Nergalle
 15383 | Lair:2   | Killed Nergalle
 15413 | Lair:2   | Found a hole to the Spider Nest.
 15531 | Lair:2   | Noticed Maggie
 15536 | Lair:2   | Killed Maggie
 16286 | D:4      | Bought the +5 robe of Night {Dark Will+ SInv} for 1440 gold
                  | pieces
 16286 | D:4      | Found the +5 robe of Night {Dark Will+ SInv}
 16382 | Orc:1    | Entered Level 1 of the Orcish Mines
 16382 | Orc:1    | Found a transporter.
 16525 | Orc:1    | Noticed Snorg
 16533 | Orc:1    | Paralysed by an orc sorcerer for 3 turns
 16534 | Orc:1    | Slain by Snorg

Illustrated notes

Levels and vault maps discovered:
D:1:      scummos_arrival_gate, layout_rooms, corexii_item_surrounded_by_moat
D:2:      layout_basic
D:3:      minmay_skewed_foursquare, layout_basic, uniq_natasha, uniq_ijyb,
          uniq_crazy_yiuf_cottage
D:4:      layout_cave_pools, serial_shops, nicolae_shop_waterfront, shop,
          nicolae_shop_stone, shop, kennysheep_little_box,
          nemelex_diamond_rough_becter
D:5:      layout_basic, enter_ossuary_5, grunt_qazlal_clouds, uniq_pikel
D:6:      layout_cave_pools, nicolae_overflow_crystal_walls, uniq_menkaure,
          uniq_edmund
D:7:      layout_rooms, minmay_temple_entry_oklob, enter_bailey_5, uniq_joseph
D:8:      layout_basic, uniq_harold
D:9:      layout_cave_pools, minmay_lair_entry_grove, orc_0_dummy
D:10:     layout_grid_maze
D:11:     layout_roguey
D:12:     layout_layer_cave
Temple:   dpeg_three_leaves_temple
Lair:1:   beast_lair_carwin_large_2, layout_cave_shapes,
          infiniplex_staircase_pool, uniq_gastronok
Lair:2:   layout_roguey, spider_nest_entry_web_field, serial_bayou_shore_a,
          uniq_prince_ribbit2, uniq_maggie, uniq_nergalle
Lair:3:   layout_loops_ring, swamp_mist, nicolae_quartered_pool_little,
          ldierk_geyser
Lair:4:   layout_cave_pods, minmay_holes, lemuel_fruit_tree
Lair:5:   layout_gridlike, dpeg_slime_entry_corner, enter_volcano_1
Lair:6:   grunt_lair_end_beastmaster, layout_misc_corridors,
          minmay_another_anthill, infiniplex_staircase_pool_2,
          lemuel_fruit_fields
Orc:1:    gammafunk_beogh_shrine, layout_caves, uniq_snorg

Skill      XL: |  1  2  3  4  5  6  7  8  9 10 11 12 13 |
---------------+----------------------------------------+-----
Dodging        | 2 3 4 5 6 7 8 9 10 | 10.2
Fighting       | 2 3 4 5 7 8 9 10 | 10.1
Unarmed Combat | 3 4 5 7 8 10 11 12 13 | 13.9
Invocations    | 3 6 8 10 | 10.4
Throwing       | |  0.8
Spellcasting   | |  1.2
Translocations | |  2.1

Action                   |  1- 3 |  4- 6 |  7- 9 | 10-12 | 13-15 || total
-------------------------+-------+-------+-------+-------+-------++-------
Melee: Unarmed           |    99 |   112 |   402 |   722 |   345 ||  1680
       Punch             |       |     1 |    16 |    46 |    36 ||    99
       Scimitar          |       |       |       |       |    25 ||    25
 Fire: Arbalest          |       |       |    35 |       |       ||    35
Throw: Boomerang         |       |     3 |    13 |       |       ||    16
       Javelin           |       |       |     4 |     4 |       ||     8
       Throwing net      |       |       |       |     2 |       ||     2
Evoke: Wand              |       |     3 |    12 |    12 |    23 ||    50
       Phial of floods   |       |       |       |     2 |       ||     2
       Box of beasts     |       |       |       |     1 |       ||     1
  Use: Scroll            |     4 |     2 |    13 |    11 |     8 ||    38
       Potion            |       |     7 |    11 |     7 |     6 ||    31
 Stab: Paralysed         |       |       |     1 |       |       ||     1
       Sleeping          |       |       |     1 |       |       ||     1
       Petrified         |       |       |       |     3 |       ||     3
Armor: Robe              |    36 |    31 |   147 |   153 |    24 ||   391
       Skin              |       |     2 |       |       |       ||     2
       Fire dragon scale |       |       |       |       |    77 ||    77
Dodge: Dodged            |    55 |    62 |   256 |   429 |   282 ||  1084
       Rpst.: Scimitar   |       |       |       |       |    10 ||    10
